 Dungeon Crawl Stone Soup version 0.26-a0-652-gafc20e3620 (webtiles) character file.

Game seed: 318434029901730630

217 rogsnak the Covert (level 6, -12/38 HPs)
             Began as a Kobold Delver on Oct 2, 2020.
             Mangled by a gnoll
             ... wielding a +0 halberd
              (17 damage)
             ... on level 2 of the Dungeon.
             The game lasted 00:04:50 (1762 turns).

rogsnak the Covert (Kobold Delver)                  Turns: 1762, Time: 00:04:51

Health: -12/38     AC:  4    Str:  9    XL:     6   Next: 16%
Magic:  6/6        EV: 15    Int: 11    God:
Gold:   213        SH:  0    Dex: 19    Spells: 5/5 levels left

rFire    . . .     SeeInvis .   k - +2 short sword (freeze)
rCold    . . .     Faith    .   (shield restricted)
rNeg     . . .     Spirit   .   b - +0 leather armour
rPois    .         Reflect  .   (no helmet)
rElec    .         Harm     .   (no cloak)
rCorr    +         Rampage  .   (no gloves)
MR       .....                  p - +0 pair of boots (curse)
Stlth    +++++.....             (no amulet)
HPRegen  0.12/turn              m - ring of resist corrosion (curse)
MPRegen  0.10/turn              v - +4 ring of slaying

@: no status effects
A: small, nightstalker 3
a: no special abilities


You were on level 2 of the Dungeon.
You visited 1 branch of the dungeon, and saw 5 of its levels.

You collected 213 gold pieces.

Inventory:

Hand Weapons
 a - a +0 short sword
 k - a +2 short sword of freezing (weapon)
Missiles
 h - 40 stones (quivered)
 l - 23 arrows
 s - 33 bolts
Armour
 b - a +0 leather armour (worn)
 p - a cursed +0 pair of boots (worn)
Jewellery
 m - a cursed ring of resist corrosion (left hand)
 r - an uncursed ring of wizardry
 v - a +4 ring of slaying (right hand)
Wands
 g - a wand of digging (3)
Scrolls
 c - 2 scrolls of fog
 d - a scroll of magic mapping
 e - a scroll of fear
 i - 3 scrolls of identify {unknown}
 n - 5 scrolls of enchant weapon {unknown}
 o - a scroll of teleportation {unknown}
 q - 3 scrolls of remove curse {unknown}
 t - a scroll of amnesia {unknown}
 u - a scroll of enchant armour {unknown}
 w - a scroll of immolation {unknown}
Potions
 f - a potion of haste
 j - a potion of mutation {unknown}
 x - a potion of flight {unknown}


   Skills:
 + Level 4.0 Fighting
 + Level 4.0 Short Blades
 + Level 1.5 Armour
 + Level 2.7 Dodging
 + Level 8.8 Stealth


You had 5 spell levels left.
You didn't know any spells.
Your spell library was empty.

Dungeon Overview and Level Annotations

Branches:
Dungeon (5/15)
 Temple: D:4-7

Altars:
Elyvilon
Uskayaw

Annotations:
D:2 Robin


Innate Abilities, Weirdness & Mutations

You are small and have problems with some larger weapons.
You are completely attuned to the shadows.


Message History

Your Short Blades skill increases to level 4!
The gnoll throws a throwing net.
The throwing net hits you.
You become entangled in the net!
The gnoll hits you but does no damage.
You are held in a net!
You are held in a net!
Unknown command.
You struggle against the net.
The gnoll hits you from afar with a +0 halberd!
The gnoll hits you with a cursed -1 whip.
You tear a large gash into the net.
The gnoll hits you from afar with a +0 halberd!
The gnoll closely misses you.
You shred the net and break free!
The gnoll hits you from afar with a +2 halberd of flaming!
* * * LOW HITPOINT WARNING * * *
The gnoll burns you.
* * * LOW HITPOINT WARNING * * *
The gnoll closely misses you. The gnoll misses you.
The gnoll hits you from afar with a +0 halberd!
You die...

..........!...........#
......................#
.........?.........)..#
......................#
...?.............>?......##
..........................#
..#..........>............#
.........#######........#.#
..........# #..g@......##.#
...##..#....#.)g......# #.#
#..###......g...gg....# #.#
##....................# #.#
........#####.........###.###
##..#.#.######.#.####.......#
.................## #.......#
###.###............##.......#
# #...######.....#..........#


You could see 3 gnolls, a hobgoblin and a goblin.

Vanquished Creatures
  Sigmund (D:2)
  An orc wizard (D:2)
  A gnoll (D:2)
  2 leopard geckos
  4 orcs (D:2)
  5 bats
  2 giant cockroaches
  A goblin (D:2)
  5 hobgoblins
  2 quokkas
  A ball python (D:2)
  A kobold (D:1)
  3 rats
29 creatures vanquished.

Vanquished Creatures (others)
  A quokka (D:2)
  A rat (D:2)
2 creatures vanquished.

Grand Total: 31 creatures vanquished

Notes
Turn   | Place    | Note
-------+----------+-------------------------------------------
     0 | D:5      | rogsnak the Kobold Delver began the quest for the Orb.
     0 | D:5      | Reached XP level 1. HP: 14/14 MP: 1/1
   230 | D:3      | Found a hide-covered altar of Uskayaw.
   412 | D:2      | Reached XP level 2. HP: 19/19 MP: 2/2
   418 | D:2      | Noticed Sigmund
   442 | D:2      | Noticed Robin
   459 | D:2      | Reached skill level 7 in Stealth
  1197 | D:1      | Reached XP level 3. HP: 23/23 MP: 3/3
  1577 | D:2      | Reached XP level 4. HP: 29/29 MP: 4/4
  1645 | D:2      | Found a white marble altar of Elyvilon.
  1742 | D:2      | Killed Sigmund
  1742 | D:2      | Reached skill level 1 in Armour
  1742 | D:2      | Reached skill level 8 in Stealth
  1742 | D:2      | Reached XP level 5. HP: 33/33 MP: 5/5
  1742 | D:2      | Reached XP level 6. HP: 38/38 MP: 6/6
  1762 | D:2      | Mangled by a gnoll

Illustrated notes

Levels and vault maps discovered:
D:1:      shiori_arrival_oz, layout_basic, chequers_serial_rivers_room_b,
          grunt_decor_cap
D:2:      layout_rooms, elyvilon_altar_4, uniq_robin, uniq_sigmund
D:3:      layout_loops_corners, eat_drink_and_be_merry_uskayaw,
          nicolae_overflow_crystal_walls, wad_floor_pattern_2, minmay_cut_off
D:4:      minmay_spotlight, layout_basic, nemelex_altar_shiori, minivault_24,
          serial_bayou_pond_d, hex_large, uniq_pikel
D:5:      cheibrodos_iron_armory, layout_basic, nicolae_overflow_hidden_temple,
          serial_shops, shop_coins

Skill      XL: |  1  2  3  4  5  6 |
---------------+-------------------+-----
Stealth        | 7 8 |  8.8
Fighting       | 4 |  4.0
Short Blades   | 3 4 |  4.0
Armour         | 1 |  1.5
Dodging        | |  2.7

Action                   |  1- 3 |  4- 6 || total
-------------------------+-------+-------++-------
Melee: Short sword       |    52 |    13 ||    65
 Stab: Sleeping          |    12 |     1 ||    13
Armor: Leather armour    |     8 |     5 ||    13
Dodge: Dodged            |    34 |    11 ||    45

Table legend: (Time is in decaauts)
 A = Elapsed time spent in this place.
 B = Non-inter-level travel time spent in this place.
 C = Inter-level travel time spent in this place.
 D = Time resting spent in this place.
 E = Time spent auto-exploring this place.
 F = Levels seen in this place.
 G = Mean time per level.
                   A        B        C        D        E       F      G
               +--------+--------+--------+--------+--------+-----+--------+
         Total |   1759 |   1737 |     22 |    364 |    782 |   5 |  351.8 |
       Dungeon |   1759 |   1737 |     22 |    364 |    782 |   5 |  351.8 |
               +--------+--------+--------+--------+--------+-----+--------+

Top non-repeatable levels by time:
     D:1: 867 daAuts
     D:2: 505 daAuts
     D:3: 300 daAuts
     D:4: 74 daAuts
     D:5: 11 daAuts
